 Dungeon Crawl Stone Soup version 0.16-a0-3749-g20dbed2 (webtiles) character file.

245 Charly the Ducker (level 6, -13/43 HPs)
             Began as a Merfolk Transmuter on Jan 23, 2015.
             Was a Follower of Cheibriados.
             Mangled by Tyryt0's ghost (17 damage)
             ... on level 5 of the Dungeon.
             The game lasted 00:16:35 (1592 turns).

Charly the Ducker (Merfolk Transmuter)              Turns: 1592, Time: 00:16:36

Health: -13/43     AC:  2    Str: 18    XL:     6   Next: 10%
Magic:  16/17      EV: 30    Int: 15    God:    Cheibriados [*.....]
Gold:   141        SH:  0    Dex: 25    Spells: 4 memorised, 5 levels left

rFire  . . .     SeeInvis .       - Unarmed
rCold  . . .     Clarity  .     c - melded +0 robe
rNeg   . . .     SustAb   .     (shield currently unavailable)
rPois  x         Gourm    .     (helmet currently unavailable)
rElec  .         Spirit   .     (cloak currently unavailable)
rCorr  .         Warding  .     (gloves currently unavailable)
rMut   .         Stasis   .     (boots currently unavailable)
MR     .....                    (no amulet)
Stlth  ++........               (no ring)
                                (no ring)

@: mighty, spider-form (expiring), very slow, not resistant to hostile
enchantments, unstealthy
A: (change form in water), (swift swim)
a: End Transformation, Bend Time, Renounce Religion


You were on level 5 of the Dungeon.
You worshipped Cheibriados.
Cheibriados was aware of your devotion.
You were not hungry.
You were a venomous arachnid creature.
You visited 1 branch of the dungeon, and saw 5 of its levels.

You collected 141 gold pieces.

Inventory:

Missiles
 b - 12 arrows
Armour
 c - a +0 robe (melded)
Jewellery
 i - an uncursed ring of fire
Scrolls
 j - a scroll of random uselessness {unknown}
 k - a scroll of remove curse {unknown}
 l - a scroll of fog {unknown}
 m - a scroll of fear {unknown}
 n - a scroll of recharging {unknown}
 p - a scroll of amnesia {unknown}
 q - a scroll of immolation {unknown}
Potions
 f - a potion of restore abilities
 g - a potion of resistance
 h - a potion of flight
 o - a potion of agility {unknown}
Books
 d - a book of Changes

   Spells                             Type                      Level
   a - Beastly Appendage              Transmutation                1
   b - Sticks to Snakes               Transmutation                2
   c - Spider Form                    Transmutation/Poison         3
   d - Ice Form                       Ice/Transmutation            4
   e - Blade Hands                    Transmutation                5
Comestibles
 a - 2 bread rations


   Skills:
 - Level 1.1 Fighting
 + Level 7.7 Dodging
 + Level 7.1 Unarmed Combat
 + Level 5.4 Spellcasting
 + Level 3.6 Transmutations
 + Level 1.2 Invocations


You had 5 spell levels left.
You knew the following spells:

 Your Spells              Type           Power        Failure   Level  Hunger
b - Beastly Appendage     Trmt           ##....       14%         1    None
s - Sticks to Snakes      Trmt           ##........   21%         2    #......
I - Ice Form              Ice/Trmt       #.......     91%         4    ####...
S - Spider Form           Trmt/Pois      #.........   45%         3    ###....


Dungeon Overview and Level Annotations

Branches:
Dungeon (5/15)
 Temple: D:4-7

Altars:
Ashenzari
Cheibriados
Qazlal

Annotations:
D:5 Tyryt0's ghost, experienced FoFi


Message History

Tyryt0's ghost is almost destroyed.
Your transformation is almost over.
Tyryt0's ghost completely misses you.
You hit Tyryt0's ghost but do no damage.
Tyryt0's ghost is almost destroyed.
Tyryt0's ghost misses you.
You hit Tyryt0's ghost.
Tyryt0's ghost is almost destroyed.
Tyryt0's ghost completely misses you.
You hit Tyryt0's ghost.
Tyryt0's ghost is almost destroyed.
Tyryt0's ghost misses you.
You hit Tyryt0's ghost but do no damage.
Tyryt0's ghost is almost destroyed.
Tyryt0's ghost closely misses you.
You barely miss Tyryt0's ghost.
Tyryt0's ghost is almost destroyed.
Tyryt0's ghost says, "You can hit me, but you can't hurt me."
Tyryt0's ghost hits you!
You die...

####...............#
....).#####.......###
......#...#...........
#.....#...'..._...+...+
......#...#.......#...
......#####.......#.###..
.........#.........#.....
.........#⌠.##+.#.⌠#.....
.........####...s##.......
#...........#...#Wg.(.#
####<#####..#...#aB####
### ##.#####b## #.........
.?........ ............
......<.......
................


You could see a goliath beetle, a worker ant, Tyryt0's ghost, a goblin and a
bat.

Vanquished Creatures
  A giant frog skeleton (D:4)
  A hound (D:4)
  A worker ant (D:4)
  Ijyb (D:5)
  The ghost of Charly the Insei, a weakling DsMo (D:3)
  A hound skeleton (D:4)
  5 adders
  An adder skeleton (D:5)
  8 bats
  4 giant cockroaches
  5 goblins
  5 hobgoblins
  13 jackals
  2 quokkas
  A giant gecko (D:1)
  A giant newt (D:2)
  4 kobolds
  A quokka skeleton (D:4)
  3 rats
59 creatures vanquished.

Notes
Turn   | Place    | Note
--------------------------------------------------------------
     0 | D:1      | Charly, the Merfolk Transmuter, began the quest for the Orb.
     0 | D:1      | Reached XP level 1. HP: 15/15 MP: 3/3
   311 | D:1      | Reached XP level 2. HP: 21/21 MP: 4/4
   329 | D:1      | Learned a level 2 spell: Sticks to Snakes
   400 | D:1      | Reached skill level 7 in Dodging
   400 | D:1      | Reached skill level 5 in Spellcasting
   400 | D:1      | Reached XP level 3. HP: 23/26 MP: 4/11
   412 | D:2      | Found a stormy altar of Qazlal.
   471 | D:2      | Learned a level 3 spell: Spider Form
   690 | D:2      | Reached XP level 4. HP: 28/32 MP: 13/13
   702 | D:2      | Learned a level 4 spell: Ice Form
   907 | D:3      | Found a snail-covered altar of Cheibriados.
   911 | D:3      | Became a worshipper of Cheibriados the Contemplative
   976 | D:3      | Noticed Charly's ghost (weakling DsMo)
  1010 | D:3      | Killed Charly's ghost
  1211 | D:4      | Reached XP level 5. HP: 33/37 MP: 8/15
  1483 | D:5      | Entered Level 5 of the Dungeon
  1490 | D:5      | Noticed Tyryt0's ghost (experienced FoFi)
  1524 | D:5      | Noticed Ijyb
  1532 | D:5      | Killed Ijyb
  1532 | D:5      | Reached skill level 1 in Invocations
  1532 | D:5      | Reached XP level 6. HP: 43/43 MP: 13/17
  1538 | D:5      | Found a shattered altar of Ashenzari.
  1592 | D:5      | Mangled by Tyryt0's ghost

Action                   |  1- 3 |  4- 6 || total
-------------------------+-------+-------++-------
Melee: Unarmed           |    70 |   127 ||   197
 Cast: Beastly Appendage |     5 |     4 ||     9
       Spider Form       |       |     7 ||     7
  Use: Scroll            |     2 |     4 ||     6
       Potion            |     1 |     1 ||     2
 Stab: Distracted        |       |     1 ||     1
       Sleeping          |       |     1 ||     1
  Eat: Beef jerky        |       |     1 ||     1
       Pizza             |       |     1 ||     1
